 Dungeon Crawl Stone Soup version 0.19.5 (webtiles) character file.

250995 dngmouse the Warrior (level 19, -2/181 HPs)
             Began as a Minotaur Fighter on Mar 28, 2017.
             Was the Champion of Okawaru.
             Slain by a deep troll (23 damage)
             ... led by an ironheart preserver
             ... on level 3 of the Vaults on Mar 29, 2017.
             The game lasted 02:59:42 (38836 turns).

dngmouse the Warrior (Minotaur Fighter)            Turns: 38836, Time: 02:59:45

Health: -2/181     AC: 31    Str: 26    XL:     19   Next: 31%
Magic:  29/29      EV: 23    Int:  6    God:    Okawaru [******]
Gold:   3532       SH: 18    Dex: 17    Spells: 0 memorised, 18 levels left

rFire  + + +     SeeInvis .     b - +8 mace of Desertification {flame, rElec rF++ MR+ Int-4}
rCold  + + +     Gourm    .     Z - +0 ice dragon scales
rNeg   + . .     Faith    .     x - +0 shield
rPois  +         Spirit   .     X - +2 hat
rElec  +         Reflect  .     D - +2 cloak {MR+}
rCorr  .         Harm     .     W - +1 pair of gloves
MR     ++++.                    p - +2 pair of boots {run}
Stlth  +.........               J - amulet of regeneration
                                h - ring "Ziaroxt" {rF+ rN+ Slay+5}
                                S - ring of Qav Zapn {rF+ rC+ MR+ Str+5 Int+2}

@: heroism, quick
A: retaliatory headbutt, hooves 1, horns 2, blink, clever 1, poison resistance,
sturdy frame 1
a: Blink, Heroism, Finesse, Renounce Religion
}: 1/15 runes: gossamer


You were on level 3 of the Vaults.
You worshipped Okawaru.
Okawaru was exalted by your worship.
You were not hungry.

You visited 7 branches of the dungeon, and saw 34 of its levels.
You also visited: Labyrinth, Ossuary and Ice Cave.

You collected 3749 gold pieces.
You spent 217 gold pieces at shops.

Inventory:

Hand Weapons
 a - the +5 eveningstar of Courage {crush, rElec rF+ rC+}
   (Okawaru gifted it to you on level 3 of the Vaults)

   It inflicts extra damage upon your enemies.
   It protects you from fire.
   It protects you from cold.
   It insulates you from electricity.
 b - the +8 mace of Desertification (weapon) {flame, rElec rF++ MR+ Int-4}
   (You found it on level 2 of the Lair of Beasts)

   It has been specially enchanted to burn those struck by it, causing extra
   injury to most foes and up to half again as much damage against particularly
   susceptible opponents.
   It affects your intelligence (-4).
   It greatly protects you from fire.
   It insulates you from electricity.
   It affects your resistance to hostile enchantments.
Armour
 n - a +2 pair of boots of flying
 p - a +2 pair of boots of running (worn)
 x - a +0 shield (worn)
 D - a +2 cloak of magic resistance (worn)
 W - a +1 pair of gloves (worn)
 X - a +2 hat (worn)
 Z - +0 ice dragon scales (worn)
Rods
 c - a +1 rod of shadows (9/9)
   (You found it in a labyrinth)
Jewellery
 h - the ring "Ziaroxt" (right hand) {rF+ rN+ Slay+5}
   (You acquired it on level 11 of the Dungeon)

   [ring of positive energy]

   It affects your accuracy and damage with ranged weapons and melee attacks
   (+5).
   It protects you from fire.
   It protects you from negative energy.
 v - a +3 ring of evasion
 G - an uncursed ring of resist corrosion
 J - an amulet of regeneration (around neck)
 S - the ring of Qav Zapn (left hand) {rF+ rC+ MR+ Str+5 Int+2}
   (You acquired it on level 3 of the Spider Nest)

   [ring of protection from magic]

   It affects your strength (+5).
   It affects your intelligence (+2).
   It protects you from fire.
   It protects you from cold.
   It affects your resistance to hostile enchantments.
Wands
 e - a wand of disintegration (5/24)
 t - a wand of teleportation (7/9)
 N - a wand of acid (8/15)
 P - a wand of heal wounds (3/9)
 T - a wand of heal wounds (6/9)
 U - a wand of digging (9/24)
Scrolls
 g - a scroll of silence
 j - 5 scrolls of fear
 m - 5 scrolls of fog
 q - 16 scrolls of teleportation
 L - 21 scrolls of remove curse
 O - 3 scrolls of enchant weapon
 Q - 7 scrolls of identify
 V - 3 scrolls of magic mapping
 Y - 4 scrolls of blinking
Potions
 d - 6 potions of might
 i - 3 potions of resistance
 l - 5 potions of heal wounds
 o - 3 potions of haste
 u - 2 potions of cancellation
 w - a potion of berserk rage
 z - 10 potions of flight
 F - 4 potions of agility
 H - 2 potions of lignification
 K - 12 potions of curing
 M - 3 potions of invisibility
 R - 5 potions of ambrosia
Miscellaneous
 A - a lamp of fire
 B - a phial of floods
 C - 2 phantom mirrors
Comestibles
 f - 23 bread rations
 k - 15 meat rations
 r - 19 fruits
 s - a royal jelly
 y - a slice of pizza
 E - 4 chunks of flesh


   Skills:
 + Level 18.6(23.6) Fighting
 - Level 14.0(19.0) Maces & Flails
 + Level 18.2(23.2) Armour
 + Level 13.4(18.4) Dodging
 + Level 18.4(23.4) Shields
 + Level 15.2 Invocations


You had 18 spell levels left.
You didn't know any spells.

Dungeon Overview and Level Annotations

Branches:
Dungeon (15/15)            Temple (1/1) D:5            Lair (6/6) D:10
 Shoals (3/4) Lair:4       Spider (4/4) Lair:2        Slime (0/5) Lair:6
    Orc (2/2) D:11            Elf (0/3) Orc:2        Vaults (3/5) D:14
  Crypt (0/3) Vaults:3     Depths (0/5) D:15

Altars:
Ashenzari
Cheibriados
Dithmenos
Elyvilon
Fedhas
Gozag
Hepliaklqana
Kikubaaqudgha
Makhleb
Nemelex Xobeh
Okawaru
Qazlal
Ru
Sif Muna
Trog
Uskayaw
Vehumet
Xom
Yredelemnul
Zin
The Shining One

Shops:
D:4 =   D:5 %   D:7 ?   D:10 [   D:13 =   D:15 (   Orc:2 ((=*   Shoals:1 [
Vaults:2 :

Annotations:
D:7 exclusion: oklob plant


Innate Abilities, Weirdness & Mutations

You reflexively headbutt those who attack you in melee.
You have a pair of horns on your head.
You have large cloven feet.
You can translocate small distances at will.
Your mind is acute. (Int +2)
Your system is resistant to poisons. (rPois)
Your movements are slightly less encumbered by armour. (ER -2)


Message History

The deep troll claws you but does no damage.
The deep troll claws you!
* * * LOW HITPOINT WARNING * * *
The vault sentinel points at you and mumbles some strange words.
You resist with almost no effort.
The ogre mage hits you but does no damage.
The vault warden hits you from afar with a halberd of flaming!!
* * * LOW HITPOINT WARNING * * *
The vault warden burns you.
* * * LOW HITPOINT WARNING * * *
Evoke which item? (* to show all) (? for menu, Esc to quit)
Zapping:
P - a wand of heal wounds (4/9)
Press: ? - help, Shift-Dir - straight line, f - you You feel much better.
This wand has 3 charges left.
The deep troll bites you.
* * * LOW HITPOINT WARNING * * *
You block the deep troll's attack. x2; The vault guard completely misses you.
The deep troll bites you!!
* * * LOW HITPOINT WARNING * * *
You block the deep troll's attack. The deep troll claws you!!
You die...

#.......# #..........
#..>....# #..........
#.......# #..........
#.......# #..........
#.......# #).........
###+###+#####+#########
.#...O.......))[........
.'....pT................
#...pp@................
.'....p[T.............##
.#....p...............#.
#....................#.
#.....############...#.
#.....#....#.....#...#.
#.....#....#.....#..[#)
#.....#..^.#.....#..[+)
... #....#'#####...#)


You could see an ironheart preserver, a vault warden, a vault guard, an ogre
mage, 2 deep trolls, a vault sentinel and an ironbrand convoker.

Vanquished Creatures
  Margery (Vaults:3)
  Saint Roka (Vaults:3)
  Frederick (Vaults:3)
  Jorgrun (Shoals:2)
  A lich (Vaults:2)
  A kraken (Shoals:1)
  Kirke (Shoals:1)
  A tengu reaver (Vaults:2)
  The ghost of galech the Brawler, a journeyman TrFi of Okawaru (Spider:1)
  A fire giant (Vaults:3)
  2 ghost moths (Spider:4)
  A frost giant (D:13)
  3 emperor scorpions
  A deep elf sorcerer (Vaults:1)
  4 vault wardens (Vaults:3)
  8 ironheart preservers
  2 stone giants
  4 entropy weavers
  Nessos (D:13)
  2 vampire knights (Vaults:3)
  3 spark wasps (Spider:4)
  An ettin (Vaults:3)
  The ghost of Rester5115 the Blocker, a journeyman MiFi of Yredelemnul (Orc:2)
  Snorg (Lair:5)
  A minotaur (Lab)
  3 merfolk javelineers
  A crystal guardian (Vaults:2)
  A merfolk impaler (Shoals:1)
  4 yaktaur captains
  6 ice dragons
  3 fire dragons
  3 hydras
  2 vault guards (Vaults:3)
  3 merfolk avatars
  Erica (D:8)
  7 centaur warriors
  5 death knights
  2 dancing weapons (D:14)
  An alligator snapping turtle (Shoals:3)
  7 ogre magi
  A deep troll shaman (Vaults:3)
  6 death yaks
  3 tengu warriors
  A deep troll earth mage (Vaults:2)
  A vampire mage (Vaults:3)
  4 hell knights (Vaults:3)
  The ghost of Amon001 the Covert, a journeyman SpEn of Uskayaw (IceCv)
  Urug (D:13)
  A deep elf knight (Vaults:1)
  2 skeletal warriors
  7 deep trolls
  3 wizards
  4 unseen horrors
  7 sea snakes
  3 flayed ghosts
  A deep elf archer (Vaults:2)
  3 phantasmal warriors
  A glowing orange brain (Vaults:2)
  5 hill giants
  A wolf spider zombie (D:14)
  10 ironbrand convokers
  14 orb spiders
  A necromancer (D:15)
  2 fauns
  A stone giant zombie (D:15)
  3 oklob plants
  10 orc knights
  37 wolf spiders
  3 deep elf magi
  34 ugly things
  A frost giant zombie (D:15)
  11 cyclopes
  11 manticores
  An iron dragon zombie (D:15)
  6 sirens
  3 moths of wrath
  3 water nymphs
  Maurice (D:8)
  9 elephants
  4 black mambas
  5 centaur skeletons
  10 vault sentinels
  2 ice statues (IceCv)
  2 torpor snails
  8 spiny frogs
  An efreet (D:13)
  3 rime drakes
  16 yaktaurs
  13 demonic crawlers
  2 freezing wraiths
  10 komodo dragons
  2 ice devils (D:11)
  A guardian mummy (D:15)
  32 jumping spiders
  15 merfolk
  10 polar bears
  11 trolls
  3 harpy zombies (Shoals:3)
  11 two-headed ogres
  13 hornets
  2 wind drakes (Shoals:2)
  A human simulacrum (Vaults:2)
  4 hippogriffs
  4 raiju (Lair:6)
  6 snapping turtles
  11 dream sheep
  4 blink frogs (Lair:6)
  A meliai zombie (D:14)
  16 slime creatures
  3 shadows
  27 tarantellas
  66 redbacks
  A vampire (D:13)
  A fire dragon skeleton (D:15)
  6 wraiths
  39 yaks
  3 water elementals
  2 wyverns
  A yak (shapeshifter) (Vaults:1)
  2 humans (shapeshifter)
  3 steam dragons (Lair:6)
  3 vampire mosquitoes (D:13)
  6 basilisks
  3 hungry ghosts
  A basilisk (shapeshifter) (Vaults:3)
  4 hogs (Shoals:1)
  9 wargs
  Grum (D:8)
  8 mottled dragons
  A soldier ant (shapeshifter) (Vaults:2)
  6 hell hounds (Lair:6)
  A water moccasin (shapeshifter) (Vaults:1)
  11 water moccasins
  Duvessa (D:7)
  9 porcupines
  16 black bears
  43 orc warriors
  2 sky beasts
  18 ice beasts
  7 necrophages
  34 ogres
  An eye of draining (shapeshifter) (Vaults:1)
  4 phantoms
  21 wolves
  4 boggarts (Lair:4)
  21 centaurs
  20 crocodiles
  2 hippogriff zombies (Shoals:3)
  2 big kobolds
  13 bullfrogs
  A wyvern zombie (D:9)
  A water moccasin zombie (D:9)
  2 scorpions
  Dowan (D:7)
  12 killer bees
  3 wights (D:14)
  3 electric eels
  2 howler monkeys
  3 crimson imps
  3 bullfrog zombies
  5 centaur zombies
  2 bullfrog skeletons
  18 orc priests
  19 hounds
  5 jellies
  17 orc wizards
  Jessica (D:3)
  17 iguanas
  12 worker ants
  5 hell rats (Lair:5)
  A mummy (Ossuary)
  A worker ant zombie (D:10)
  9 gnolls
  8 adders
  7 river rats
  4 shadow imps
  A white imp (Spider:4)
  3 oozes
  3 worms
  3 leopard geckos
  88 orcs
  9 bats
  A bat zombie (Shoals:3)
  3 giant cockroaches
  7 goblins
  2 hobgoblins
  18 jackals
  19 kobolds
  4 quokkas
  2 ball pythons (D:2)
  4 frilled lizards
  2 gnoll skeletons (Ossuary)
  A jackal zombie (D:5)
  8 kobold skeletons (Ossuary)
  A leopard gecko skeleton (D:6)
  15 orc skeletons (Ossuary)
  A quokka skeleton (D:6)
  10 rats
  3 plants
  6 tentacles (Shoals:1)
1336 creatures vanquished.

Vanquished Creatures (others)
  An unseen horror (D:14)
  A tarantella (Spider:4)
  A basilisk (Lair:6)
  A wolf (Lair:6)
  A jelly (D:13)
  A hound (D:13)
  A jackal (D:8)
  2 fungi (Lair:4)
  13 plants
  7 tentacles (Shoals:1)
  3 withered plants (D:15)
32 creatures vanquished.

Grand Total: 1368 creatures vanquished

Notes
Turn   | Place    | Note
-------+----------+-------------------------------------------
     0 | D:1      | dngmouse the Minotaur Fighter began the quest for the Orb.
     0 | D:1      | Reached XP level 1. HP: 19/19 MP: 0/0
   213 | D:1      | Reached XP level 2. HP: 26/27 MP: 1/1
   808 | D:2      | Reached XP level 3. HP: 16/33 MP: 2/2
   838 | D:2      | Found a faded altar of an unknown god.
  1138 | D:2      | Reached XP level 4. HP: 34/41 MP: 3/3
  1423 | D:2      | Found a shadowy altar of Dithmenos.
  1946 | D:3      | Reached XP level 5. HP: 33/47 MP: 4/4
  2057 | D:3      | Noticed Jessica
  2147 | D:3      | Killed Jessica
  2281 | D:3      | Reached skill level 5 in Fighting
  2336 | D:3      | Reached skill level 5 in Maces & Flails
  2669 | D:4      | Found a sacrificial altar of Ru.
  2821 | D:4      | Reached XP level 6. HP: 56/56 MP: 5/5
  3007 | D:4      | Reached skill level 5 in Shields
  3037 | D:4      | Found Zipimne's Jewellery Boutique.
  3294 | D:4      | Reached skill level 5 in Armour
  3546 | D:5      | Entered Level 5 of the Dungeon
  3548 | D:5      | Reached XP level 7. HP: 61/61 MP: 6/6
  3966 | D:5      | Found Vyecaik's Food Shop.
  4173 | D:5      | Reached XP level 8. HP: 52/70 MP: 7/7
  4438 | D:5      | Found a staircase to the Ecumenical Temple.
  4448 | Temple   | Entered the Ecumenical Temple
  4554 | Temple   | Became a worshipper of Warmaster Okawaru
  4937 | D:6      | Found a basalt altar of Yredelemnul.
  5282 | D:6      | Found a sand-covered staircase.
  5352 | Ossuary  | Entered an ossuary
  5657 | Ossuary  | Reached * piety under Okawaru
  5791 | D:6      | Found a white marble altar of Elyvilon.
  5791 | D:6      | Found a bloodstained altar of Trog.
  6108 | D:7      | Found a shattered altar of Ashenzari.
  6246 | D:7      | Noticed Duvessa
  6246 | D:7      | Noticed Dowan
  6251 | D:7      | Killed Dowan
  6267 | D:7      | Killed Duvessa
  6594 | D:7      | Found a deep blue altar of Sif Muna.
  6594 | D:7      | Noticed an oklob plant
  6597 | D:7      | Paralysed by fainting for 6 turns
  6622 | D:7      | Found Keirann's Magic Scroll Boutique.
  6654 | D:7      | Paralysed by fainting for 12 turns
  6688 | D:7      | Paralysed by fainting for 8 turns
  6819 | D:7      | Reached XP level 9. HP: 79/79 MP: 8/8
  6894 | D:7      | Bought a scroll of remove curse for 45 gold pieces
  6894 | D:7      | Bought a scroll of identify for 30 gold pieces
  6894 | D:7      | Bought a scroll of recharging for 142 gold pieces
  7114 | D:8      | Noticed Maurice
  7117 | D:8      | Noticed Grum
  7292 | D:8      | Killed Grum
  7292 | D:8      | Reached skill level 1 in Invocations
  7367 | D:8      | Killed Maurice
  7367 | D:8      | Reached skill level 10 in Maces & Flails
  7473 | D:8      | Noticed Erica
  7493 | D:8      | Killed Erica
  7493 | D:8      | Reached ** piety under Okawaru
  7626 | D:8      | Found a shimmering altar of Xom.
  8015 | D:8      | Found an iron altar of Okawaru.
  8191 | D:8      | Reached *** piety under Okawaru
  8191 | D:8      | Reached XP level 10. HP: 90/90 MP: 11/11
  8440 | D:9      | Received a gift from Okawaru
  9215 | D:10     | Entered Level 10 of the Dungeon
  9253 | D:9      | Reached **** piety under Okawaru
  9613 | D:10     | Found a staircase to the Lair.
  9874 | D:10     | Noticed a hill giant
  9886 | D:10     | Killed a hill giant
  9886 | D:10     | Reached ***** piety under Okawaru
  9886 | D:10     | Reached skill level 5 in Invocations
 10021 | D:10     | Found Siotunn's Armour Shop.
 10077 | D:10     | Reached XP level 11. HP: 88/99 MP: 13/13
 10270 | D:10     | Reached skill level 10 in Fighting
 10456 | D:10     | Killed an unseen horror
 10456 | D:10     | Reached skill level 10 in Armour
 10456 | D:10     | Reached skill level 10 in Shields
 10885 | D:11     | Noticed a cyan ugly thing
 10899 | D:11     | Killed a cyan ugly thing
 10899 | D:11     | Received a gift from Okawaru
 10940 | D:11     | Found a staircase to the Orcish Mines.
 11139 | D:11     | Found a frozen archway.
 11254 | IceCv    | Entered an ice cave
 11612 | IceCv    | Noticed an ice dragon
 11613 | IceCv    | Noticed an ice dragon
 11639 | IceCv    | Killed an ice dragon
 11672 | IceCv    | Noticed Amon001's ghost (journeyman SpEn)
 11709 | IceCv    | Killed an ice dragon
 11753 | IceCv    | Killed Amon001's ghost
 12110 | D:11     | Reached XP level 12. HP: 110/110 MP: 16/16
 12389 | D:11     | Identified a scroll of acquirement
 12390 | D:11     | Got a heavily runed wooden ring
 12391 | D:11     | Identified the ring "Ziaroxt" {rF+ rN+ Slay+5} (You acquired it on level 11 of the Dungeon)
 12863 | Lair:1   | Entered Level 1 of the Lair of Beasts
 13152 | Lair:1   | Noticed a seven-headed hydra
 13159 | Lair:1   | Killed a seven-headed hydra
 13845 | Lair:2   | Gained mutation: You can translocate small distances at will. [potion of mutation]
 13845 | Lair:2   | Gained mutation: Your mind is acute. (Int +2) [potion of mutation]
 13845 | Lair:2   | Gained mutation: You have large cloven feet. [potion of mutation]
 14338 | Lair:2   | Found a hole to the Spider Nest.
 14365 | Lair:2   | Received a gift from Okawaru
 14374 | Lair:2   | Got a faintly glowing mace
 14375 | Lair:2   | Identified the +8 mace of Desertification {flame, rElec rF++ MR+ Int-4} (You found it on level 2 of the Lair of Beasts)
 14562 | Lair:2   | Gained mutation: Your system is resistant to poisons. (rPois) [potion of beneficial mutation]
 14922 | Lair:1   | Gained mutation: Your movements are slightly less encumbered by armour. (ER -2) [potion of beneficial mutation]
 15242 | Lair:3   | Noticed a seven-headed hydra
 15248 | Lair:3   | Killed a seven-headed hydra
 15310 | Lair:3   | Noticed a death yak
 15311 | Lair:3   | Noticed a death yak
 15320 | Lair:3   | Killed a death yak
 15328 | Lair:3   | Killed a death yak
 15905 | Lair:4   | Found a labyrinth entrance.
 15909 | Lair:4   | Received a gift from Okawaru
 15922 | Lair:4   | Reached XP level 13. HP: 109/118 MP: 18/18
 15937 | Lair:4   | Identified a +0 pair of boots of running (Okawaru gifted it to you on level 4 of the Lair of Beasts)
 16037 | Lab      | Entered a labyrinth
 16419 | Lab      | Found an exit through the horrors of the Abyss.
 16755 | Lab      | Noticed a minotaur
 16763 | Lab      | Killed a minotaur
 16770 | Lab      | Got a transparent battleaxe
 16794 | Lair:4   | Identified a +1 rod of shadows (9/9) (You found it in a labyrinth)
 17190 | Lair:4   | Found a staircase to the Shoals.
 17357 | Lair:5   | Noticed Snorg
 17368 | Lair:5   | Killed Snorg
 17901 | Lair:6   | Entered Level 6 of the Lair of Beasts
 18040 | Lair:6   | Reached ****** piety under Okawaru
 18040 | Lair:6   | Reached skill level 1 in Dodging
 18088 | Lair:6   | Received a gift from Okawaru
 18089 | Lair:6   | Got an encrusted scale mail {god gift}
 18142 | Lair:6   | Reached skill level 10 in Invocations
 18253 | Lair:6   | Reached XP level 14. HP: 129/129 MP: 20/20
 18589 | Lair:6   | Found a staircase to the Slime Pits.
 20078 | D:12     | Found a shadowy altar of Dithmenos.
 20300 | D:12     | Received a gift from Okawaru
 20304 | D:12     | Got a translucent morningstar {god gift}
 20305 | D:12     | Identified the +1 morningstar "Mokli" {crush, rPois} (Okawaru gifted it to you on level 12 of the Dungeon)
 20545 | Orc:1    | Entered Level 1 of the Orcish Mines
 21022 | Orc:2    | Entered Level 2 of the Orcish Mines
 21025 | Orc:2    | Reached skill level 5 in Dodging
 21037 | Orc:2    | Noticed Rester5115's ghost (journeyman MiFi)
 21050 | Orc:2    | Killed Rester5115's ghost
 21559 | Orc:2    | Found Ezxif's Jewellery Boutique.
 21559 | Orc:2    | Found Ugufapti's Antique Weapon Shoppe.
 21561 | Orc:2    | Found Nioploho's Antique Weapon Emporium.
 21563 | Orc:2    | Found Warphymyl's General Store.
 21720 | Orc:2    | Received a gift from Okawaru
 21774 | Orc:2    | Found a staircase to the Elven Halls.
 22258 | D:13     | Noticed Urug
 22271 | D:13     | Killed Urug
 22286 | D:13     | Found Notsy's Jewellery Shop.
 22290 | D:13     | Noticed Nessos
 22310 | D:13     | Killed Nessos
 22368 | D:13     | Noticed a frost giant
 22384 | D:13     | Reached XP level 15. HP: 136/139 MP: 22/22
 22392 | D:13     | Killed a frost giant
 22430 | D:13     | Received a gift from Okawaru
 23064 | D:14     | Found a gate to the Vaults.
 23254 | D:14     | Reached skill level 15 in Fighting
 23264 | D:14     | Got a bone great mace
 23265 | D:14     | Identified the +4 great mace of the Median {drain, Str+2} (You found it on level 14 of the Dungeon)
 23396 | D:14     | Received a gift from Okawaru
 23418 | D:14     | Got an ancient ring mail {god gift}
 23479 | D:14     | Found a basalt altar of Yredelemnul.
 23575 | D:15     | Entered Level 15 of the Dungeon
 23905 | D:15     | Found a staircase to the Depths.
 24257 | D:15     | Found Upogaris's Weapon Emporium.
 24802 | Shoals:1 | Entered Level 1 of the Shoals
 24853 | Shoals:1 | Found Wazoamma's Antique Armour Boutique.
 25181 | Shoals:1 | Noticed Kirke
 25211 | Shoals:1 | Killed Kirke
 25211 | Shoals:1 | Reached skill level 15 in Armour
 25211 | Shoals:1 | Reached skill level 15 in Shields
 25560 | Shoals:1 | Found a sacrificial altar of Ru.
 25568 | Shoals:1 | Noticed a kraken
 25702 | Shoals:1 | Killed a kraken
 25863 | Shoals:2 | Noticed Jorgrun
 25884 | Shoals:2 | Killed Jorgrun
 25884 | Shoals:2 | Reached XP level 16. HP: 75/149 MP: 22/24
 25988 | Shoals:2 | Received a gift from Okawaru
 28686 | Spider:1 | Entered Level 1 of the Spider Nest
 29685 | Spider:1 | Noticed galech's ghost (journeyman TrFi)
 29697 | Spider:1 | Killed galech's ghost
 29697 | Spider:1 | Received a gift from Okawaru
 29704 | Spider:1 | Got a twisted double sword {god gift}
 30146 | Spider:2 | Reached skill level 10 in Dodging
 30439 | Spider:3 | Got a shimmering bone ring
 30440 | Spider:3 | Identified the ring of Qav Zapn {rF+ rC+ MR+ Str+5 Int+2} (You acquired it on level 3 of the Spider Nest)
 31077 | Spider:3 | Received a gift from Okawaru
 31244 | Spider:3 | Reached XP level 17. HP: 142/160 MP: 25/25
 31641 | Spider:4 | Entered Level 4 of the Spider Nest
 32711 | Spider:4 | Received a gift from Okawaru
 33365 | Spider:4 | Got a gossamer rune of Zot
 33798 | Vaults:1 | Entered Level 1 of the Vaults
 33871 | Vaults:1 | Received a gift from Okawaru
 34747 | Vaults:1 | Reached XP level 18. HP: 167/170 MP: 27/27
 35105 | Vaults:2 | Received a gift from Okawaru
 35106 | Vaults:2 | Got an ancient hunting sling {god gift}
 35240 | Vaults:2 | Found Kinguc's Book Shoppe.
 35952 | Vaults:2 | Received a gift from Okawaru
 36671 | Vaults:2 | Noticed a lich
 36687 | Vaults:2 | Killed a lich
 37111 | Vaults:3 | Received a gift from Okawaru
 37112 | Vaults:3 | Got a twisted eveningstar {god gift}
 37113 | Vaults:3 | Identified the +5 eveningstar of Courage {crush, rElec rF+ rC+} (Okawaru gifted it to you on level 3 of the Vaults)
 37166 | Vaults:3 | Noticed Saint Roka
 37196 | Vaults:3 | Killed Saint Roka
 37798 | Vaults:3 | Received a gift from Okawaru
 37962 | Vaults:3 | Noticed Frederick
 37986 | Vaults:3 | Killed Frederick
 37986 | Vaults:3 | Reached skill level 15 in Invocations
 37986 | Vaults:3 | Reached XP level 19. HP: 128/180 MP: 26/29
 38376 | Vaults:3 | Noticed Margery
 38407 | Vaults:3 | Killed Margery
 38713 | Vaults:3 | Found a staircase to the Crypt.
 38836 | Vaults:3 | Slain by a deep troll

Skill      XL: |  1  2  3  4  5  6  7  8  9 10 11 12 13 14 15 16 17 18 19 |
---------------+----------------------------------------------------------+-----
Fighting       | 4 5 6 7 8 9 11 12 13 14 15 16 17 18 | 18.6
Maces & Flails | 3 4 5 6 7 9 10 11 12 13 14 | 14.0
Shields        | 4 5 6 7 8 9 11 12 13 14 15 16 17 18 | 18.4
Armour         | 4 5 7 8 9 11 12 13 14 15 16 17 18 | 18.2
Invocations    | 3 5 7 8 10 11 12 13 14 15 | 15.2
Dodging        | 2 6 8 10 11 13 | 13.4

Action                   |  1- 3 |  4- 6 |  7- 9 | 10-12 | 13-15 | 16-18 | 19-21 || total
-------------------------+-------+-------+-------+-------+-------+-------+-------++-------
Melee: Flail             |    66 |   173 |   365 |   845 |       |       |       ||  1449
       Headbutt          |     9 |    22 |    94 |   258 |   350 |   579 |    76 ||  1388
       Mace              |       |       |       |    96 |  1403 |  1821 |   206 ||  3526
       Kick              |       |       |       |    52 |     1 |    21 |       ||    74
Throw: Tomahawk          |       |       |     3 |       |       |       |       ||     3
Invok: Heroism           |       |       |     3 |    12 |     8 |     7 |     2 ||    32
       Finesse           |       |       |       |     4 |       |     1 |       ||     5
Evoke: Wand              |       |       |       |       |     1 |     5 |     2 ||     8
  Use: Potion            |       |     3 |     3 |     9 |       |     2 |       ||    17
       Scroll            |       |     1 |     5 |    18 |     7 |    15 |       ||    46
  Eat: Chunk             |       |     8 |    15 |    25 |    29 |    36 |     3 ||   116
       Pizza             |       |       |     2 |       |       |       |       ||     2
       Fruit             |       |       |       |       |     4 |     4 |       ||     8
Armor: Scale mail        |    28 |    71 |       |       |       |       |       ||    99
       Chain mail        |       |       |   121 |   186 |       |    31 |       ||   338
       Plate armour      |       |       |       |   124 |       |       |       ||   124
       Ice dragon scales |       |       |       |    56 |   554 |   590 |    67 ||  1267
Dodge: Dodged            |    22 |    53 |    82 |   230 |   495 |   968 |   128 ||  1978
Block: Shield            |    39 |    93 |   191 |   480 |   902 |  1223 |   153 ||  3081
